 Dungeon Crawl Stone Soup version 0.23-a0-650-ga4d50d4 (webtiles) character file.

71 Ereth the Skirmisher (level 4, -1/61 HPs)
             Began as a Minotaur Berserker on Jan 3, 2019.
             Was a Believer of Trog.
             Killed from afar by Sigmund (8 damage)
             ... with a magic dart
             ... on level 2 of the Dungeon.
             The game lasted 00:02:32 (1967 turns).

Ereth the Skirmisher (Minotaur Berserker)           Turns: 1967, Time: 00:02:33

Health: -1/61      AC:  5    Str: 27    XL:     4   Next: 5%
Magic:  3/3        EV: 12    Int:  4    God:    Trog [**....]
Gold:   24         SH:  0    Dex: 10    Spells: 3/3 levels left

rFire    . . .     SeeInvis .   a - +0 falchion
rCold    . . .     Gourm    .   (no shield)
rNeg     . . .     Faith    .   d - +0 ring mail
rPois    .         Spirit   .   (helmet restricted)
rElec    .         Reflect  .   (no cloak)
rCorr    .         Harm     .   (no gloves)
MR       .....                  (no boots)
Stlth    ..........             (no amulet)
HPRegen  0.20/turn              (no ring)
MPRegen  0.08/turn              (no ring)

@: berserking, very quick
A: retaliatory headbutt, horns 2
a: Berserk, Trog's Hand, Renounce Religion


You were on level 2 of the Dungeon.
You worshipped Trog.
Trog was pleased with you.
You were very hungry.

You visited 1 branch of the dungeon, and saw 2 of its levels.

You collected 24 gold pieces.

Inventory:

Hand Weapons
 a - a +0 falchion (weapon)
Armour
 b - a +0 animal skin
 d - a +0 ring mail (worn)
Scrolls
 h - a scroll of identify {unknown}
 i - a scroll of magic mapping {unknown}
Potions
 e - a potion of curing {unknown}
 f - a potion of flight {unknown}
 g - a potion of agility {unknown}
 k - a potion of degeneration {unknown}
 l - a potion of magic {unknown}
 m - a potion of lignification {unknown}
 n - a potion of heal wounds {unknown}
Comestibles
 c - 3 rations


   Skills:
 + Level 4.5 Fighting
 + Level 4.3 Long Blades
 + Level 3.1 Armour
 + Level 2.9 Dodging
 + Level 0.2 Stealth


You had 3 spell levels left.
You didn't know any spells.
Your spell library was empty.

Dungeon Overview and Level Annotations

Branches:
Dungeon (2/15)

Altars:

Annotations:
D:2 Sigmund


Innate Abilities, Weirdness & Mutations

You reflexively headbutt those who attack you in melee.
You have a pair of horns on your head.


Message History

Sigmund gestures wildly while chanting.
Sigmund flickers and vanishes!
Deactivating autopickup; reactivate with Ctrl-A.
You barely miss something. Your headbutt misses something. Something hits you!
A red film seems to cover your vision as you go berserk!
You feel yourself moving faster!
You feel mighty!
You are feeling very hungry.
You closely miss something. Your headbutt misses something. Something hits you.
* * * LOW HITPOINT WARNING * * *
You hit something. Your headbutt misses something. You miss something.
You hear some strange, mumbled words.
A magic dart appears from out of thin air!
The magic dart hits you!
* * * LOW HITPOINT WARNING * * *
You slash something!
You hear some strange, mumbled words.
A magic dart appears from out of thin air!
The magic dart hits you!
You die...

#.#.# ).>.# #...# #...#
#..?# #... #..#######
#..@{....# ##.#####.# #
#.###.#.####.
######...........
#.........##...#
+..........#...#
##...)......#...#
..........#.....#
##############.#####..#


There were no monsters in sight!

Vanquished Creatures
  Natasha (D:2)
  An ooze (D:2)
  2 dart slugs (D:1)
  2 giant cockroaches
  4 goblins
  5 hobgoblins (D:1)
  4 jackals (D:1)
  5 kobolds
  A quokka (D:2)
  6 bats
  2 rats (D:1)
33 creatures vanquished.

Notes
Turn   | Place    | Note
-------+----------+-------------------------------------------
     0 | D:1      | Ereth the Minotaur Berserker began the quest for the Orb.
     0 | D:1      | Reached XP level 1. HP: 19/19 MP: 0/0
   320 | D:1      | Reached XP level 2. HP: 27/27 MP: 1/1
  1186 | D:1      | Reached XP level 3. HP: 18/33 MP: 2/2
  1372 | D:1      | Reached ** piety under Trog
  1690 | D:2      | Noticed Natasha
  1706 | D:2      | Killed Natasha
  1706 | D:2      | Reached XP level 4. HP: 18/41 MP: 3/3
  1941 | D:2      | Noticed Sigmund
  1967 | D:2      | Killed from afar by Sigmund

Vault maps used:
D:1:      nzn_arrival_water_spiral, ebering_dispersal_statue_hall
D:2:      minmay_misc_feat_more_columns, uniq_natasha, uniq_sigmund,
          uniq_jessica, uniq_crazy_yiuf_cottage

Skill      XL: |  1  2  3 |
---------------+----------+-----
Fighting       | 4 |  4.5
Long Blades    | 4 |  4.3
Armour         | 3 |  3.1
Dodging        | |  2.9
Stealth        | |  0.2

Action                   |  1- 3 |  4- 6 || total
-------------------------+-------+-------++-------
Melee: Falchion          |    69 |    20 ||    89
       Headbutt          |    15 |     4 ||    19
Invok: Berserk           |     1 |     1 ||     2
  Eat: Chunk             |     2 |     2 ||     4
Armor: Animal skin       |     5 |       ||     5
       Ring mail         |    31 |     4 ||    35
Dodge: Dodged            |    58 |    12 ||    70
       Rpst.: Falchion   |    15 |     2 ||    17

Table legend:
 A = Non-vault XP
 B = Vault XP
 C = Vault XP percentage of total XP
 D = Non-vault monster count
 E = Vault monster count
 F = Vault count percentage of total count
                 A         B        C        D         E       F
            +---------+---------+-------+---------+---------+-------
      Total |      65 |      37 |  36.3 |      32 |       1 |   3.0
            +---------+---------+-------+---------+---------+-------
        D:1 |      48 |       0 |   0.0 |      26 |       0 |   0.0
        D:2 |      17 |      37 |  68.5 |       6 |       1 |  14.3
            +---------+---------+-------+---------+---------+-------
